 Dungeon Crawl Stone Soup version 0.32-a0-411-g744942f433 (webtiles) character file.

Game seed: 11656871477382493512

208 shadowstone the Covered (level 5, -1/33 HPs)
             Began as a Gargoyle Fighter on Feb 20, 2024.
             Was an Initiate of Hepliaklqana.
             Slain by a ribbon worm (3 damage)
             ... on level 4 of the Dungeon.
             The game lasted 00:06:55 (3211 turns).

shadowstone the Covered (Gargoyle Fighter)          Turns: 3211, Time: 00:06:56

Health: -1/33      AC: 14    Str: 22    XL:     5   Next: 86%
Magic:  5/5        EV:  8    Int:  8    God:    Hepliaklqana [......]
Gold:   138        SH:  4    Dex:  9    Spells: 4/4 levels left

rFire   . . .        v - +2 short sword (venom)
rCold   . . .        c - +0 buckler
rNeg    + . .        k - +0 chain mail
rPois   ∞            (no helmet)
rElec   +            h - +0 cloak
rCorr   .            (no gloves)
SInv    .            (no boots)
Will    .....        (no amulet) Stlth
                     (no ring)
HPRegen 0.25/turn    (no ring)
MPRegen 0.09/turn

%: no passive effects
@: no status effects
A: sickness immunity, AC +4, negative energy resistance 1, electricity
resistance, torment resistance 1, petrification resistance
a: Renounce Religion


You were on level 4 of the Dungeon.
You worshipped Hepliaklqana.
Hepliaklqana was noncommittal.
You visited 2 branches of the dungeon, and saw 6 of its levels.

You collected 138 gold pieces.

Inventory:

Hand Weapons
 a - a +0 flail
 v - a +2 short sword of venom (weapon)
Missiles
 f - a throwing net (quivered)
 s - 7 poisoned darts
Armour
 b - a +0 scale mail
 c - a +0 buckler (worn)
 h - a +0 cloak (worn)
 k - a +0 chain mail (worn)
Jewellery
 p - a ring of willpower
 u - a +6 ring of dexterity
Scrolls
 g - 2 scrolls of identify
 i - a scroll of immolation
 l - 2 scrolls of revelation {unknown}
 n - a scroll of noise {unknown}
 q - a scroll of vulnerability {unknown}
 w - a scroll of teleportation {unknown}
 x - a scroll of enchant weapon {unknown}
Potions
 d - a potion of might
 e - a potion of brilliance {unknown}
 j - a potion of degeneration {unknown}
 m - a potion of enlightenment {unknown}
 o - a potion of curing {unknown}
 r - a potion of invisibility {unknown}
 t - 2 potions of mutation {unknown}


   Skills:
 + Level 4.2 Fighting
 + Level 0.5 Short Blades
 + Level 3.3 Maces & Flails
 + Level 4.5 Armour
 + Level 1.1 Dodging
 + Level 4.1 Shields


You had 4 spell levels left.
You didn't know any spells.
Your spell library contained the following spells:

 Spells                   Type           Power      Damage    Failure   Level
 Ensorcelled Hibernation  Hex/Ice        0%         N/A       99%         2
 Passwall                 Erth           0%         N/A       100%        3
 Swiftness                Air            0%         N/A       100%        3


Dungeon Overview and Level Annotations

Branches:
Dungeon (5/15)             Temple (1/1) D:4

Altars:
Ashenzari
Dithmenos
Elyvilon
Fedhas
Gozag
Hepliaklqana
Makhleb
Nemelex Xobeh
Okawaru
Qazlal
Ru
Sif Muna
Trog
Wu Jian
Xom
Yredelemnul
Zin
The Shining One

Shops:
D:1 (

Annotations:
D:4 Ijyb


Innate Abilities, Weirdness & Mutations

You are immune to sickness and miasma.
Your stone body is resilient. (AC +4)
You are immune to poison.
You resist negative energy. (rN+)
You are resistant to electric shocks. (rElec)
You are resistant to unholy torment.
You are immune to petrification.


Message History

You hit Ijyb but do no damage.
Ijyb is poisoned.
The ribbon worm bites you but does no damage.
The jackal closely misses you. You block Ijyb's attack.
The gnoll hits you with a +0 club.
You hit Ijyb but do no damage.
Ijyb looks as sick as possible!
The jackal bites you but does no damage.
The ribbon worm bites you but does no damage.
Ijyb hits you but does no damage. The gnoll hits you with a +0 club.
You hit Ijyb.
Ijyb looks as sick as possible!
Ijyb is lightly wounded.
The jackal bites you but does no damage.
You block Ijyb's attack. The gnoll barely misses you.
The adder bites you but does no damage.
The ribbon worm bites you but does no damage.
The jackal bites you but does no damage.
You hit Ijyb.
Ijyb looks as sick as possible!
Ijyb is heavily wounded.
You block the jackal's attack. The adder bites you but does no damage.
You block Ijyb's attack. The gnoll hits you but does no damage.
You hit Ijyb.
Ijyb looks as sick as possible!
Ijyb is severely wounded.
The adder bites you but does no damage.
The jackal bites you but does no damage.
The ribbon worm bites you.
Ijyb zaps a wand.
Your mind is blasted!
Ouch! That really hurt!
* * * LOW HITPOINT WARNING * * *
The gnoll hits you with a +0 club.
* * * LOW HITPOINT WARNING * * *
You block the jackal's attack. You block the adder's attack.
You barely miss Ijyb.
Ijyb is severely wounded.
The ribbon worm completely misses you. Ijyb hits you but does no damage.
You block the jackal's attack. The gnoll hits you but does no damage.
The adder closely misses you.
You closely miss Ijyb.
Ijyb is almost dead.
The jackal bites you but does no damage.
The adder barely misses you. The ribbon worm bites you.
You die...
Hepliaklqana delivers you to your ancestors.

###.###...........
.#............##......##
........................
..#................#...#
##....................
#..................#.#
.....###.....ß⌠.......#
##..# #.........gh..####
...# #..#...ß⌠g@w......
#.. #.#........S.....#
.. #.##...ß⌠.#.......
......?.#.......#...#
....#...#.......# ...
..#######.......# .#
##......# . #.......#
###....##


You could see Ijyb (extremely poisoned), a ribbon worm, a gnoll, an adder and a
jackal.

Vanquished Creatures
  A centaur (D:5)
  3 adders
  A dart slug (D:2)
  An orc (D:3)
  4 ball pythons
  6 bats
  3 endoplasms
  4 giant cockroaches
  7 hobgoblins
  3 kobolds (D:3)
  3 quokkas (D:2)
  2 frilled lizards
  2 goblins (D:3)
  22 rats
62 creatures vanquished.

Notes
Turn   | Place    | Note
-------+----------+-------------------------------------------
     0 | D:1      | shadowstone the Gargoyle Fighter began the quest for the
                  | Orb.
     0 | D:1      | Reached XP level 1. HP: 14/14 MP: 1/1
   179 | D:1      | Found Ucesa's Antique Weapon Shoppe.
   666 | D:2      | Reached XP level 2. HP: 20/20 MP: 2/2
  1320 | D:2      | Reached XP level 3. HP: 24/24 MP: 3/3
  1692 | D:2      | Reached XP level 4. HP: 18/29 MP: 4/4
  2031 | D:3      | Found a sacrificial altar of Ru.
  2081 | D:3      | Became a worshipper of Ru the Awakened
  2675 | D:4      | Reached XP level 5. HP: 30/33 MP: 5/5
  2732 | D:4      | Noticed a centaur
  2748 | D:5      | Entered Level 5 of the Dungeon
  2755 | D:5      | Killed a centaur
  2756 | D:5      | Reached skill level 1 in Dodging
  3036 | D:4      | Found a staircase to the Ecumenical Temple.
  3042 | D:4      | Noticed Ijyb
  3055 | Temple   | Entered the Ecumenical Temple
  3193 | Temple   | Fell from the grace of Ru
  3193 | Temple   | Became a worshipper of Hepliaklqana the Forgotten
  3209 | D:4      | HP: 1/33 [gnoll/+0 club (2)]
  3211 | D:4      | Slain by a ribbon worm

Illustrated notes

Levels and vault maps discovered:
D:1:      dpeg_arrival_three_same_balls, layout_basic, serial_shops, shop,
          minivault_14
D:2:      layout_basic, minmay_rat_hole
D:3:      minmay_chambers_of_twos, layout_loops_ring, lemuel_tele_altar
D:4:      layout_cave_pools, minmay_temple_entry_drinking_statues, st_stairs_10,
          chequers_serial_rivers_micro_e, chequers_serial_rivers_marsh,
          uniq_ijyb
D:5:      corexii_shack_village, layout_basic
Temple:   bh_familiar_temple

Skill      XL: |  1  2  3  4  5 |
---------------+----------------+-----
Armour         | 4 |  4.5
Fighting       | 4 |  4.2
Maces & Flails | 3 |  3.3
Dodging        | 1 |  1.1
Shields        | 4 |  4.1
Short Blades   | |  0.5

Action                     |  1- 3 |  4- 6 || total
---------------------------+-------+-------++-------
  Melee: Flail             |    71 |    69 ||   140
         Short sword       |       |    23 ||    23
  Throw: Throwing net      |     2 |       ||     2
    Use: Scroll            |     1 |       ||     1
   Stab: Held in net/web   |     1 |       ||     1
 Armour: Chain mail        |   111 |   170 ||   281
  Dodge: Dodged            |    72 |   120 ||   192
  Block: Buckler           |    29 |    44 ||    73

Table legend: (Time is in decaauts)
 A = Elapsed time spent in this place.
 B = Non-inter-level travel time spent in this place.
 C = Inter-level travel time spent in this place.
 D = Time resting spent in this place.
 E = Time spent auto-exploring this place.
 F = Levels seen in this place.
 G = Mean time per level.
                   A        B        C        D        E       F      G
               +--------+--------+--------+--------+--------+-----+--------+
         Total |   3254 |   3182 |     72 |    603 |   1435 |   6 |  542.3 |
       Dungeon |   3106 |   3034 |     72 |    521 |   1435 |   5 |  621.2 |
        Temple |    148 |    148 |      0 |     82 |      0 |   1 |  148.0 |
               +--------+--------+--------+--------+--------+-----+--------+

Top non-repeatable levels by time:
     D:2: 1328 daAuts
     D:3: 721 daAuts
     D:1: 656 daAuts
     D:5: 251 daAuts
     D:4: 149 daAuts
  Temple: 148 daAuts
